 Dungeon Crawl Stone Soup version 0.19-a0-1401-g902f63d (console) character file.

27441 flowsnake the Carver (level 13, -4/80 (81) HPs)
             Began as a Centaur Gladiator on Sept 4, 2016.
             Was a High Priest of Hepliaklqana.
             Shot with an arrow by Nessos (16 damage)
             ... on level 4 of the Lair of Beasts.
             The game lasted 01:09:55 (15341 turns).

flowsnake the Carver (Centaur Gladiator)           Turns: 15341, Time: 01:09:56

HP:   -4/80 (81)    AC: 16    Str: 18    XL:     13   Next: 4%
MP:   16/19         EV: 16    Int: 11    God:    Hepliaklqana [*****.]
Gold: 410           SH:  5    Dex: 18    Spells: 0 memorised, 12 levels left

rFire  . . .     SeeInvis +     b - +0 scimitar
rCold  + . .     Gourm    .     E - +2 robe of Vines {NoDeviceHeal Regen+7}
rNeg   . . .     Faith    .     U - +0 buckler
rPois  .         Spirit   .     Q - +0 helmet
rElec  +         Dismiss  .     W - +1 cloak
rCorr  .         Reflect  .     v - +0 pair of gloves "Wafes" {rElec Dex+2}
MR     .....     Harm     .     S - +2 centaur barding {rC+}
Stlth  +.........               (no amulet)
                                G - ring of see invisible
                                p - +5 ring of dexterity

@: lethally poisoned (-4 -> -4), very quick
A: hooves 3, deformed body, speed 2, tough skin 3
a: Recall Ancestor, Ancestor Identity, Transference, Idealise, Renounce Religion


You were on level 4 of the Lair of Beasts.
You worshipped Hepliaklqana.
Hepliaklqana was extremely pleased with you.
You were not hungry.

You visited 2 branches of the dungeon, and saw 15 of its levels.

You collected 900 gold pieces.
You spent 490 gold pieces at shops.

Inventory:

Hand Weapons
 a - a +1 long sword of freezing
 b - a +0 scimitar (weapon)
 c - a +1 long sword of flaming
Missiles
 d - 3 throwing nets
 k - 427 stones
 D - 14 tomahawks (quivered)
Armour
 v - the +0 pair of gloves "Wafes" (worn) {rElec Dex+2}
   (You found it on level 5 of the Dungeon)

   It affects your dexterity (+2).
   It insulates you from electricity.
 E - the +2 robe of Vines (worn) {NoDeviceHeal Regen+7}
   (You found it on level 6 of the Dungeon)

   It increases your rate of regeneration.
 I - a troll hide
 N - a +2 robe of cold resistance
 Q - a +0 helmet (worn)
 S - a +2 centaur barding of cold resistance (worn)
 U - a +0 buckler (worn)
 W - a +1 cloak (worn)
Jewellery
 j - a +2 ring of dexterity
 p - a +5 ring of dexterity (left hand)
 G - a ring of see invisible (right hand)
 K - an uncursed ring of resist corrosion
Wands
 o - a wand of acid (5/15)
 H - a wand of confusion (17/48)
 M - a wand of iceblast (4/15)
 P - a wand of polymorph (8/24)
 V - a wand of paralysis (11/24)
Scrolls
 e - 2 scrolls of recharging
 r - 2 scrolls of enchant weapon
 s - 5 scrolls of amnesia
 u - 2 scrolls of remove curse
 w - 3 scrolls of teleportation
 x - 2 scrolls of blinking
 y - 2 scrolls of identify
 B - a scroll of magic mapping
 R - a scroll of fog
 T - a scroll of enchant armour
Potions
 g - 2 potions of brilliance {unknown}
 h - 2 potions of magic {unknown}
 i - a potion of haste
 m - 9 potions of curing
 n - 4 potions of might {unknown}
 t - a potion of agility {unknown}
 z - a potion of invisibility {unknown}
 A - 2 potions of degeneration
 C - a potion of cancellation {unknown}
 F - 2 potions of resistance {unknown}
 L - a potion of flight {unknown}
 O - a potion of mutation {unknown}
Comestibles
 f - 8 bread rations
 l - 2 beef jerkies
 q - a meat ration
 J - 7 fruits
 X - 6 chunks of flesh


   Skills:
 - Level 2.0 Fighting
 - Level 14.0 Long Blades
 - Level 2.1 Throwing
 + Level 10.8 Dodging
 - Level 3.1 Shields
 - Level 8.0 Invocations


You had 12 spell levels left.
You didn't know any spells.

Dungeon Overview and Level Annotations

Branches:
Dungeon (11/15)            Temple (0/1) D:6            Lair (4/6) D:8
  Swamp (0/4) Lair:3       Spider (0/4) Lair:3
    Orc: D:9-12

Altars:
Fedhas
Hepliaklqana
Kikubaaqudgha
Makhleb
Nemelex Xobeh
Sif Muna
Trog
Uskayaw
Yredelemnul
Zin

Shops:
D:5 [

Portals:
Trove: D:11 (give 8 potions of agility)

Annotations:
D:9 Erolcha
Lair:4 Nessos


Innate Abilities, Weirdness & Mutations

You have hooves in place of feet.
Armour fits poorly on your strangely shaped body.
You cover ground very quickly.
You have extremely tough skin. (AC +3)


Message History

* * * LOW HITPOINT WARNING * * *
The arrow burns you.
You are more poisoned.
* * * LOW HITPOINT WARNING * * *
The basilisk barely misses you. The crocodile bites you.
* * * LOW HITPOINT WARNING * * *
You see here an arrow.
You feel very sick.
Nessos shoots an arrow.
You block the arrow.
You see here an arrow.
You feel sick.
Nessos shoots an arrow.
The arrow barely misses you.
The arrow hits the plant!!
The arrow burns the plant.
The plant looks as sick as possible!
Xochipepe casts a spell at the crocodile.
The basilisk seems to slow down.
Nessos pounds the earth with his hooves.
Nessos blinks!
The basilisk bites Xochipepe but does no damage.
You feel very sick.
Nessos shoots an arrow.
The arrow hits you!
You die...

······(·· ███·····PP··
██·····[··P····?
█████P··············
···P················
··················
····P···············
█·····R······█····
·█PP···l········█
█··P█··t(···██··
····(·······(█ ·········c·ζ(█
·············██
··············█
·······PP·c·██ █····
█······█····█ █·····█
······(P····█ █·······█
██··········██ ███·······█
█···█·······██████·█·······██
···█·≈≈≈≈≈··················
····≈≈≈≈≈≈≈···············██
··P≈≈≈≈≈≈≈≈≈··█·██·········█
···≈≈≈≈≈≈≈≈≈≈·█··█········██
····≈≈≈≈≈≈≈≈≈·█············█
█··≈·≈≈≈≈≈···············█
█·≈·<·≈≈≈≈·············██


You could see the friendly Xochipepe the hexer, Nessos, a basilisk and a
crocodile.

Vanquished Creatures
  A vault guard (D:11)
  3 hydras (Lair:2)
  Fannar (D:10)
  Nergalle (D:10)
  A hill giant (D:10)
  The ghost of slayr the Slinger, a novice HaHu (D:4)
  Maurice (D:11)
  5 elephants (Lair:3)
  3 black mambas
  Psyche (D:8)
  A gargoyle (D:11)
  4 spiny frogs
  2 rime drakes (Lair:3)
  3 komodo dragons
  4 trolls
  5 blink frogs (Lair:4)
  21 yaks
  3 wyverns
  2 hippogriffs
  A steam dragon (D:10)
  Duvessa (D:5)
  A porcupine (Lair:1)
  7 water moccasins
  2 black bears
  2 orc warriors
  2 ice beasts
  A sky beast (D:5)
  3 ogres
  2 phantoms
  5 centaurs
  11 crocodiles
  A big kobold (D:8)
  A gnoll sergeant (D:10)
  8 giant frogs
  Dowan (D:5)
  A wyvern skeleton (D:11)
  2 scorpions
  4 wights
  4 howler monkeys
  An electric eel (Lair:3)
  3 crimson imps
  3 giant frog zombies
  5 jellies
  7 orc wizards
  4 orc priests
  A gnoll shaman (D:6)
  3 hounds
  4 centaur skeletons
  2 giant frog skeletons
  Jessica (D:3)
  A hexer (D:8)
  11 iguanas
  7 worker ants
  2 hound skeletons
  A hound zombie (D:8)
  2 worker ant zombies (D:5)
  8 gnolls
  10 river rats
  15 adders
  7 shadow imps
  4 worms (D:3)
  2 dart slugs
  10 giant geckos
  47 orcs
  8 giant cockroaches
  15 hobgoblins
  12 jackals
  13 kobolds
  7 quokkas
  12 bats
  2 giant newts
  8 goblins
  A quokka skeleton (D:4)
  3 rats
365 creatures vanquished.

Vanquished Creatures (collateral kills)
  The ghost of epen the Spear-Bearer, a journeyman MfMo of Makhleb (Lair:2)
  A spiny frog (Lair:2)
  A komodo dragon (Lair:1)
  A troll (D:11)
  A wyvern (D:8)
  6 yaks
  2 basilisks (Lair:1)
  2 hippogriffs
  A hungry ghost (D:11)
  A water moccasin (Lair:1)
  2 orc warriors
  A black bear (D:11)
  2 sky beasts (D:9)
  A necrophage (D:7)
  An ogre (D:9)
  A centaur (D:7)
  3 giant frogs
  3 wights
  An electric eel (Lair:3)
  2 iguanas (Lair:1)
  A hound zombie (D:7)
  An adder (D:7)
  4 river rats
  A shadow imp (D:11)
  6 orcs
  A quokka skeleton (D:7)
48 creatures vanquished.

Vanquished Creatures (others)
  8 hexers
8 creatures vanquished.

Grand Total: 421 creatures vanquished

Notes
Turn   | Place    | Note
-------+----------+-------------------------------------------
     0 | D:1      | flowsnake the Centaur Gladiator began the quest for the Orb.
     0 | D:1      | Reached XP level 1. HP: 17/17 MP: 1/1
    65 | D:1      | Reached skill level 3 in Long Blades
   203 | D:1      | Reached XP level 2. HP: 20/24 MP: 2/2
   807 | D:1      | Reached XP level 3. HP: 10/29 MP: 3/3
  1076 | D:2      | Reached skill level 4 in Long Blades
  1794 | D:3      | Reached XP level 4. HP: 32/36 MP: 4/4
  2063 | D:3      | Noticed Jessica
  2073 | D:3      | Killed Jessica
  2073 | D:3      | Reached skill level 5 in Long Blades
  2143 | D:3      | Noticed a phantom
  2162 | D:3      | Killed a phantom
  2162 | D:3      | Reached XP level 5. HP: 36/41 MP: 5/5
  2355 | D:3      | Reached skill level 6 in Long Blades
  2359 | D:3      | Reached XP level 6. HP: 13/48 MP: 6/6
  4063 | D:4      | Noticed slayr's ghost (novice HaHu)
  4107 | D:4      | Killed slayr's ghost
  4107 | D:4      | Reached skill level 8 in Long Blades
  4107 | D:4      | Reached XP level 7. HP: 45/55 MP: 7/7
  4775 | D:5      | Entered Level 5 of the Dungeon
  5190 | D:4      | Reached skill level 9 in Long Blades
  5190 | D:4      | Reached XP level 8. HP: 44/61 MP: 8/8
  5383 | D:5      | Got a pair of warped gloves
  5394 | D:5      | Identified the cursed +0 pair of gloves "Wafes" {rElec Dex+2} (You found it on level 5 of the Dungeon)
  5465 | D:5      | Noticed Duvessa
  5465 | D:5      | Noticed Dowan
  5485 | D:5      | Killed Duvessa
  5799 | D:5      | Killed Dowan
  6017 | D:5      | Found Uraor's Armour Emporium.
  6241 | D:5      | Found a deep blue altar of Sif Muna.
  6245 | D:5      | Found a bloodstained altar of Trog.
  6246 | D:5      | Found a hazy altar of Hepliaklqana.
  6246 | D:5      | Found a basalt altar of Yredelemnul.
  6246 | D:5      | Found a hide-covered altar of Uskayaw.
  6248 | D:5      | Found a blossoming altar of Fedhas.
  6250 | D:5      | Found a sparkling altar of Nemelex Xobeh.
  6259 | D:5      | Became a worshipper of Hepliaklqana
  6559 | D:6      | Reached skill level 10 in Long Blades
  6687 | D:6      | Got a dazzling whip
  6937 | D:6      | Reached * piety under Hepliaklqana
  7010 | D:6      | Found a staircase to the Ecumenical Temple.
  7103 | D:6      | Reached skill level 11 in Long Blades
  7192 | D:6      | Reached XP level 9. HP: 49/60 MP: 7/9
  7636 | D:7      | Reached ** piety under Hepliaklqana
  7637 | D:7      | Remembered your ancestor Xochipepe as a hexer
  7665 | D:7      | Found a burning altar of Makhleb.
  7781 | D:7      | Reached skill level 12 in Long Blades
  7959 | D:7      | Found a glowing silver altar of Zin.
  8312 | D:8      | Noticed a troll
  8329 | D:8      | Killed a troll
  8484 | D:8      | Reached skill level 13 in Long Blades
  8502 | D:8      | Reached XP level 10. HP: 46/64 MP: 10/10
  8512 | D:8      | Found a staircase to the Lair.
  8547 | D:8      | Noticed a hill giant
  8684 | D:8      | Noticed Psyche
  8702 | D:8      | Killed Psyche
  9140 | D:9      | Reached *** piety under Hepliaklqana
  9265 | D:9      | Found an ancient bone altar of Kikubaaqudgha.
  9451 | D:5      | Bought a +1 centaur barding of cold resistance for 490 gold pieces
  9621 | D:9      | Reached skill level 14 in Long Blades
  9785 | D:9      | Reached skill level 1 in Invocations
  9968 | D:9      | Found a burning altar of Makhleb.
 10102 | D:9      | Noticed Erolcha
 10191 | D:10     | Entered Level 10 of the Dungeon
 10224 | D:10     | Reached skill level 1 in Shields
 10312 | D:10     | Reached **** piety under Hepliaklqana
 10559 | D:10     | Noticed a hill giant
 10577 | D:10     | Killed a hill giant
 10577 | D:10     | Reached XP level 11. HP: 29/70 MP: 11/14
 10811 | D:10     | Noticed Nergalle
 10834 | D:10     | Killed Nergalle
 10834 | D:10     | Reached skill level 5 in Invocations
 11146 | D:10     | Noticed Fannar
 11179 | D:10     | Killed Fannar
 11548 | D:11     | Noticed Maurice
 11588 | D:11     | Noticed a vault guard
 11591 | D:11     | Killed Maurice
 11620 | D:11     | Killed a vault guard
 11620 | D:11     | Reached skill level 5 in Dodging
 11853 | D:11     | Found a portal to a secret trove of treasure.
 12076 | Lair:1   | Entered Level 1 of the Lair of Beasts
 12435 | Lair:1   | Reached ***** piety under Hepliaklqana
 12552 | Lair:1   | Reached XP level 12. HP: 62/75 MP: 18/18
 13341 | Lair:2   | Noticed epen's ghost (journeyman MfMo)
 13391 | Lair:2   | Killed epen's ghost
 13418 | Lair:2   | Noticed a five-headed hydra
 13428 | Lair:2   | Killed a one-headed hydra
 13546 | Lair:2   | Noticed a five-headed hydra
 13554 | Lair:2   | Killed a one-headed hydra
 13612 | Lair:2   | Noticed an eight-headed hydra
 13627 | Lair:2   | Killed a five-headed hydra
 14128 | Lair:3   | Reached skill level 10 in Dodging
 14165 | Lair:3   | Found a staircase to the Swamp.
 14520 | Lair:3   | Found a hole to the Spider Nest.
 15220 | Lair:4   | Reached XP level 13. HP: 58/80 MP: 14/19
 15305 | Lair:4   | Noticed Nessos
 15341 | Lair:4   | Shot with an arrow by Nessos

Vault maps used:
D:1:      dpeg_arrival_connections
D:3:      gup_sewer_entry_pipe, first_bread, minmay_misc_feat_doors,
          minmay_stone_trees_small, solitary_fountain,
          kennysheep_generic_room_2, uniq_jessica
D:5:      minitemple, serial_shops, shop, uniq_duvessa
D:6:      lightli_minifort
D:7:      kennysheep_mini_moat, basic_altar
D:8:      lair_0_dummy, lightli_corner_chamber, uniq_psyche
D:9:      bloody_makhleb, lemuel_doored_altar, special_room, uniq_erolcha
D:10:     serial_glass, glass_columns_a, glass_columns_b, uniq_fannar,
          uniq_nergalle
D:11:     enter_trove_5, uniq_maurice
Lair:1:   beast_lair_carwin_large_1, nicolae_quartered_pool_medium,
          grunt_forest_small_clearing_treed, grunt_megastairs_2
Lair:3:   minmay_swamp_entry_eels, dummy_spider_entry,
          hangedman_lair_unloving_vines, grunt_forest_stairs_basic,
          lemuel_fruit_tree
Lair:4:   serial_bayou_pond_d, serial_bayou_shore_b, grunt_megastairs_4,
          infiniplex_staircase_pool, uniq_nessos

Skill      XL: |  1  2  3  4  5  6  7  8  9 10 11 12 |
---------------+-------------------------------------+-----
Long Blades    | 3 4 5 6 8 9 11 13 14 | 14.0
Invocations    | 4 8 |  8.0
Dodging        | 3 6 10 | 10.8
Shields        | 3 |  3.1
Fighting       | |  2.0
Throwing       | |  2.1

Action                   |  1- 3 |  4- 6 |  7- 9 | 10-12 | 13-15 || total
-------------------------+-------+-------+-------+-------+-------++-------
Melee: Long sword        |   147 |   240 |   441 |  1146 |    18 ||  1992
       Kick              |    24 |    53 |   147 |   402 |     6 ||   632
       Unarmed           |       |       |       |    19 |       ||    19
       Scimitar          |       |       |       |    27 |       ||    27
Throw: Tomahawk          |       |       |       |     1 |       ||     1
Invok: Recall Ancestor   |       |       |     8 |    27 |       ||    35
       Ancestor Identity |       |       |     1 |       |       ||     1
       Ancestor Life: He |       |       |     1 |       |       ||     1
       Transference      |       |       |       |     2 |       ||     2
       Idealise          |       |       |       |     4 |     1 ||     5
  Use: Scroll            |     6 |     2 |     6 |     5 |       ||    19
 Stab: Distracted        |       |       |     2 |    19 |       ||    21
       Confused          |       |       |     1 |    25 |     2 ||    28
  Eat: Chunk             |     2 |     6 |     9 |    20 |     1 ||    38
       Beef jerky        |       |       |     1 |       |       ||     1
       Fruit             |       |       |     2 |       |       ||     2
Armor: Leather armour    |    58 |    63 |    39 |       |       ||   160
       Robe              |       |       |    58 |   271 |     2 ||   331
Dodge: Dodged            |    67 |    87 |   160 |   342 |    10 ||   666
Block: Buckler           |       |       |       |   109 |     2 ||   111
